 Dungeon Crawl Stone Soup version 0.28.0-47-ge53b351184 (webtiles) character file.

Game seed: 5357175945203062719

4314 warriortoast the Thaumaturge (level 10, -3/59 HPs)
             Began as a Deep Elf Fire Elementalist on Apr 26, 2022.
             Was a Believer of Sif Muna.
             Slain by a wyvern (6 damage)
             ... on level 8 of the Dungeon.
             The game lasted 00:39:48 (10772 turns).

warriortoast the Thaumaturge (DEFE)                Turns: 10772, Time: 00:39:48

Health: -3/59      AC:  6    Str:  5    XL:     10   Next: 11%
Magic:  7/26       EV: 16    Int: 25    God:    Sif Muna [**....]
Gold:   429        SH:  0    Dex: 15    Spells: 13/29 levels left

rFire   . . .      SeeInvis +   l - +4 short sword (flame)
rCold   . . .      Faith    .   (no shield)
rNeg    . . .      Spirit   .   y - +2 robe "Piaxki Vity" {rPois}
rPois   +          Reflect  .   t - +0 helmet
rElec   .          Harm     .   (no cloak)
rCorr   .          Rampage  .   r - +0 pair of gloves
Will    +....                   (no boots)
Stlth   ++........              m - amulet of the acrobat
HPRegen 0.19/turn               E - ring of see invisible
MPRegen 0.20/turn               (no ring)

@: no status effects
A: no striking features
a: Renounce Religion, Channel Magic


You were on level 8 of the Dungeon.
You worshipped Sif Muna.
Sif Muna was pleased with you.
You visited 2 branches of the dungeon, and saw 9 of its levels.

You collected 429 gold pieces.

Inventory:

Hand Weapons
 j - a +1 scythe of protection
 l - a +4 short sword of flaming (weapon)
Armour
 p - an orb of guile
 r - a +0 pair of gloves (worn)
 t - a +0 helmet (worn)
 y - the +2 robe "Piaxki Vity" (worn) {rPois}
   (You found it on level 5 of the Dungeon)

   rPois:     It protects you from poison.
 A - a +2 tower shield
Magical Staves
 n - a staff of death
 B - a staff of cold
Jewellery
 m - an amulet of the acrobat (around neck)
 E - a ring of see invisible (left hand)
Wands
 v - a wand of flame (16)
 C - a wand of acid (4)
Scrolls
 a - 2 scrolls of immolation
 b - 2 scrolls of brand weapon
 d - 2 scrolls of enchant weapon {unknown}
 i - 6 scrolls of identify {unknown}
 k - 2 scrolls of teleportation {unknown}
 o - a scroll of amnesia {unknown}
 q - a scroll of holy word {unknown}
 s - 2 scrolls of fear {unknown}
 u - a scroll of magic mapping
 x - a scroll of fog {unknown}
 D - a scroll of acquirement {unknown}
 G - a scroll of enchant armour {unknown}
Potions
 c - a potion of brilliance {unknown}
 e - 2 potions of attraction {unknown}
 f - 2 potions of cancellation {unknown}
 g - a potion of flight {unknown}
 h - 4 potions of curing {unknown}
 w - a potion of lignification {unknown}
 z - a potion of heal wounds {unknown}
 F - 2 potions of haste {unknown}


   Skills:
 - Level 5.3 Fighting
 - Level 8.2 Dodging
 - Level 2.4 Stealth
 + Level 10.3 Spellcasting
 - Level 4.8 Conjurations
 + Level 0.5 Summonings
 - Level 8.6 Fire Magic
 + Level 0.4 Invocations
 + Level 0.4 Evocations


You had 13 spell levels left.
You knew the following spells:

 Your Spells              Type           Power      Damage    Failure   Level
a - Foxfire               Conj/Fire      100%       2x1d9     1%          1
b - Scorch                Fire           100%       2d10      1%          2
c - Conjure Flame         Conj/Fire      46%        6-21      1%          3
d - Inner Flame           Hex/Fire       34%        N/A       2%          3
e - Flame Wave            Conj/Fire      46%        2d10      3%          4
f - Call Canine Familiar  Summ           15%        N/A       12%         3

Your spell library contained the following spells:

 Spells                   Type           Power      Damage    Failure   Level
 Summon Small Mammal      Summ           60%        N/A       3%          1
 Sublimation of Blood     Necr           12%        N/A       7%          2
 Wereblood                Tmut           12%        N/A       7%          2
 Summon Guardian Golem    Hex/Summ       14%        N/A       13%         3
 Summon Hydra             Summ           7%         N/A       100%        7


Dungeon Overview and Level Annotations

Branches:
Dungeon (8/15)             Temple (1/1) D:6
   Lair: D:8-11

Altars:
Dithmenos
Elyvilon
Makhleb
Qazlal
Ru
Sif Muna
Trog
Uskayaw
Xom
Yredelemnul
Zin
The Shining One


Message History

Flames lash the wyvern.
The wyvern is moderately wounded.
The wyvern's fire resistance burns away.
The wyvern bites you.
The centaur shoots an arrow.
The arrow hits you.
A howler monkey zombie comes into view.
Your foxfire dissipates! x2
The wyvern misses you.
Casting: Scorch (safe; 1% risk of failure)
Confirm with . or Enter, or press ? or * to list all spells.
Flames lash the wyvern.
The wyvern is burned terribly!
The wyvern is severely wounded.
The wyvern bites you!
* * * LOW HITPOINT WARNING * * *
A howler monkey zombie comes into view.
Okay, then.
Okay, then.
Casting: Scorch (safe; 1% risk of failure)
Confirm with . or Enter, or press ? or * to list all spells.
Flames lash the centaur.
The centaur is burned terribly!
The centaur is severely wounded.
The wyvern barely misses you. The wyvern bites you!
* * * LOW HITPOINT WARNING * * *
Casting: Scorch (safe; 1% risk of failure)
Confirm with . or Enter, or press ? or * to list all spells.
Flames lash the wyvern.
The wyvern is burned terribly!
The wyvern is almost dead.
The wyvern completely misses you.
Casting: Scorch (safe; 1% risk of failure)
Confirm with . or Enter, or press ? or * to list all spells.
Flames lash the steam dragon.
The steam dragon is burned terribly!
You kill the steam dragon!
Sif Muna accepts your kill.
The wyvern bites you but does no damage.
The wyvern misses you.
Casting: Scorch (safe; 1% risk of failure)
Confirm with . or Enter, or press ? or * to list all spells.
Flames lash the wyvern.
The wyvern is almost dead.
The wyvern bites you.
You die...

#......#####
#........(.##
#...[........
####............
...)............
####......###...
#######..## ## .
..######.############....
..+.............@lc.Z....
..######.####....#Z......
..# #..# ###..#.....8.
..# ##.# ####.....## ..#
#.# ......# ..# ###
......# ..# ......#
......#


You could see a wyvern (combustible), a centaur (combustible) and 2 howler
monkey zombies.

Vanquished Creatures
  A cyclops (D:8)
  The ghost of pkoi the Gusty, an amateur DgAE (D:5)
  2 wyverns (D:5)
  Sigmund (D:2)
  2 steam dragons
  3 orc warriors
  2 black bears (D:5)
  2 ice beasts
  A sky beast (D:6)
  An ogre (D:6)
  4 centaurs
  3 bullfrogs
  A water moccasin zombie (D:6)
  A gnoll sergeant (D:7)
  2 scorpions
  A wyvern skeleton (D:5)
  2 water moccasin skeletons
  2 howler monkeys
  8 wights
  A bullfrog zombie (D:5)
  A bullfrog skeleton (D:5)
  A centaur skeleton (D:7)
  4 orc priests
  4 hounds (D:5)
  3 jellies
  3 centaur zombies
  Terence (D:2)
  An iguana (D:6)
  4 orc wizards
  A howler monkey zombie (D:8)
  3 gnolls (D:7)
  11 adders
  2 white imps
  2 ufetubi (D:5)
  2 worms
  3 adder skeletons
  2 dart slugs
  32 orcs
  3 bats
  2 endoplasms
  2 giant cockroaches
  6 goblins
  10 hobgoblins
  5 jackals
  2 quokkas
  8 ball pythons
  3 kobolds
  4 rats
166 creatures vanquished.

Vanquished Creatures (collateral kills)
  3 foxfires (D:3)
3 creatures vanquished.

Vanquished Creatures (others)
  567 foxfires
567 creatures vanquished.

Grand Total: 736 creatures vanquished

Notes
Turn   | Place    | Note
-------+----------+-------------------------------------------
     0 | D:1      | warriortoast the Deep Elf Fire Elementalist began the quest
                  | for the Orb.
     0 | D:1      | Reached XP level 1. HP: 10/10 MP: 6/6
   501 | D:1      | Reached XP level 2. HP: 4/15 MP: 1/8
  1564 | D:2      | Reached XP level 3. HP: 18/19 MP: 3/10
  1629 | D:2      | Learned a level 2 spell: Scorch
  1633 | D:2      | Learned a level 3 spell: Conjure Flame
  1642 | D:2      | Found a faded altar of an unknown god.
  1754 | D:2      | Found a stormy altar of Qazlal.
  1883 | D:2      | Noticed Sigmund
  1892 | D:2      | Killed Sigmund
  1893 | D:2      | Reached skill level 5 in Spellcasting
  1893 | D:2      | Reached skill level 5 in Fire Magic
  1893 | D:2      | Reached XP level 4. HP: 24/24 MP: 0/13
  1893 | D:2      | Reached XP level 5. HP: 28/28 MP: 0/14
  2106 | D:2      | Noticed Terence
  2114 | D:2      | Killed Terence
  3106 | D:3      | Reached XP level 6. HP: 25/32 MP: 6/16
  3907 | D:4      | Reached skill level 6 in Spellcasting
  4185 | D:4      | Reached XP level 7. HP: 36/36 MP: 12/19
  4684 | D:5      | Entered Level 5 of the Dungeon
  4700 | D:5      | You fall into a shaft and drop 1 floor!
  4719 | D:6      | Found a shadowy altar of Dithmenos.
  4793 | D:6      | Reached skill level 7 in Spellcasting
  5002 | D:6      | Found a staircase to the Ecumenical Temple.
  5024 | Temple   | Entered the Ecumenical Temple
  5117 | Temple   | Became a worshipper of Sif Muna the Loreminder
  5466 | D:6      | Reached skill level 8 in Spellcasting
  5596 | D:6      | Reached XP level 8. HP: 41/41 MP: 15/22
  5999 | D:6      | Reached skill level 9 in Spellcasting
  6819 | D:5      | Identified the +2 robe "Piaxki Vity" {rPois}
  6935 | D:5      | Found a runed translucent door.
  6939 | D:5      | Noticed pkoi's ghost (amateur DgAE)
  6945 | D:5      | Learned a level 3 spell: Inner Flame
  6950 | D:5      | Learned a level 4 spell: Flame Wave
  6959 | D:5      | Killed pkoi's ghost
  6960 | D:5      | Reached skill level 10 in Spellcasting
  7205 | D:5      | Reached * piety under Sif Muna
  7206 | D:5      | Reached skill level 1 in Fighting
  7360 | D:5      | Reached XP level 9. HP: 44/48 MP: 17/25
  7877 | D:5      | Reached skill level 5 in Dodging
  9937 | D:8      | Reached ** piety under Sif Muna
 10325 | D:8      | Reached skill level 5 in Fighting
 10570 | D:8      | Noticed a cyclops
 10614 | D:8      | Killed a cyclops
 10615 | D:8      | Reached XP level 10. HP: 59/59 MP: 5/26
 10619 | D:8      | Learned a level 3 spell: Call Canine Familiar
 10772 | D:8      | Slain by a wyvern

Illustrated notes

Levels and vault maps discovered:
D:1:      doesnt_arrival_eight_statues, layout_rooms, roderic_serpentine_path,
          chequers_serial_rivers_large_b, grunt_decor_mini_mirrors
D:2:      layout_loops_corners, basic_altar, hellmonk_ecumenical_altar_zigzags,
          uniq_terence, uniq_sigmund
D:3:      layout_basic, guppyfry_early_lair_pool
D:4:      layout_rooms, st_stairs_4
D:5:      cheibrodos_barr_body, layout_gridville, ebering_ghost_inner_flame
D:6:      layout_basic, general_overflow_altar, minmay_temple_entry_crystal_x
D:7:      layout_gridville
D:8:      layout_basic, nicolae_vehumet_radiance, amcnicky_altar_gilded,
          nzn_hepliaklqana_mist_gate, special_room [special_room_orc],
          nicolae_stop_n_shop_1
Temple:   zaba_magenta_temple

Skill      XL: |  1  2  3  4  5  6  7  8  9 |
---------------+----------------------------+-----
Fire Magic     | 4 5 6 7 8 |  8.6
Spellcasting   | 5 6 8 10 | 10.3
Conjurations   | 2 3 4 |  4.8
Fighting       | 1 5 |  5.3
Dodging        | 3 8 |  8.2
Stealth        | |  2.4
Summonings     | |  0.5
Invocations    | |  0.4
Evocations     | |  0.4

Action                   |  1- 3 |  4- 6 |  7- 9 | 10-12 || total
-------------------------+-------+-------+-------+-------++-------
Melee: Unarmed           |     6 |       |       |       ||     6
       Scythe            |       |     3 |       |       ||     3
       Short sword       |       |     3 |       |       ||     3
 Cast: Foxfire           |    70 |    78 |   190 |     3 ||   341
       Scorch            |     2 |    12 |   126 |     9 ||   149
       Conjure Flame     |       |     1 |    16 |       ||    17
  Use: Scroll            |       |       |     2 |       ||     2
 Stab: Sleeping          |       |     1 |       |       ||     1
Armor: Robe              |    10 |     1 |    14 |     1 ||    26
Dodge: Dodged            |    21 |     5 |    54 |     9 ||    89
